 Dungeon Crawl Stone Soup version 0.31.0-12-g77e489cdc1 (webtiles) character file.

Game seed: 14772145693495725235

130 Janerl the Cudgeller (level 4, -1/41 HPs)
             Began as a Minotaur Berserker on Mar 2, 2024.
             Was a Believer of Trog.
             Succumbed to a kobold brigand's curare-tipped dart
             ... in a sewer.
             The game lasted 00:04:25 (1651 turns).

Janerl the Cudgeller (Minotaur Berserker)           Turns: 1651, Time: 00:04:26

Health: -1/41      AC:  5    Str: 21    XL:     4   Next: 90%
Magic:  3/3        EV: 11    Int:  6    God:    Trog [**....]
Gold:   86         SH:  0    Dex: 10    Spells: 3/3 levels left

rFire   . . .        a - +0 mace
rCold   . . .        (no shield)
rNeg    . . .        d - +0 ring mail
rPois   .            (helmet restricted)
rElec   .            (no cloak)
rCorr   .            (no gloves)
SInv    .            (no boots)
Will    .....        (no amulet)
Stlth   +            (no ring)
HPRegen 0.26/turn    (no ring)
MPRegen 0.08/turn

%: no passive effects
@: lethally poisoned (-1 -> -13), slowed, very slow
A: horns 2, retaliatory headbutt
a: Renounce Religion, Berserk, Trog's Hand


You were in a sewer.
You worshipped Trog.
Trog was pleased with you.
You visited 1 branch of the dungeon, and saw 3 of its levels.
You also visited: Sewer.

You collected 86 gold pieces.

Inventory:

Hand Weapons
 a - a +0 mace (weapon)
Missiles
 h - 3 curare-tipped darts (quivered)
 k - 9 poisoned darts
Armour
 b - a +0 animal skin
 d - a +0 ring mail (worn)
Wands
 r - a wand of polymorph (7)
Scrolls
 c - 2 scrolls of fog {unknown}
 e - 2 scrolls of fear {unknown}
 f - 2 scrolls of identify {unknown}
 i - a scroll of noise {unknown}
 m - 2 scrolls of teleportation {unknown}
 n - a scroll of silence {unknown}
 o - a scroll of vulnerability {unknown}
 p - a scroll of blinking {unknown}
 q - a scroll of torment {unknown}
 s - a scroll of poison {unknown}
 t - a scroll of butterflies {unknown}
Potions
 g - 2 potions of brilliance {unknown}
 j - a potion of heal wounds {unknown}
 l - 2 potions of attraction {unknown}


   Skills:
 + Level 4.8 Fighting
 + Level 5.2 Maces & Flails
 + Level 3.2 Armour
 + Level 2.6 Dodging
 + Level 0.4 Stealth


You had 3 spell levels left.
You didn't know any spells.
Your spell library was empty.

Dungeon Overview and Level Annotations

Branches:
Dungeon (3/15)              Sewer (1/1)

Altars:
Xom


Innate Abilities, Weirdness & Mutations

You have a pair of horns on your head.
You reflexively headbutt those who attack you in melee.


Message History

You hit the river rat.
You kill the river rat!
Trog accepts your kill.
You start resting.
HP restored.
You enter the shallow water.
Moving in this stuff is going to be slow.
Found 4 stones.
There is a glowing drain here.
The world spins around you as you enter the gateway.
You enter a sewer!
Found a gate leading back out of this place.
There is an empty arch of ancient stone here.
You enter the shallow water.
Moving in this stuff is going to be slow.
You enter the shallow water.
Moving in this stuff is going to be slow.
You enter the shallow water.
Moving in this stuff is going to be slow.
You enter the shallow water.
Moving in this stuff is going to be slow.
You enter the shallow water.
Moving in this stuff is going to be slow.
An endoplasm and a kobold brigand come into view.
The kobold brigand is wielding a +0 dagger and quivering curare-tipped darts.
The endoplasm quivers.
The kobold brigand shouts!
The kobold brigand throws a curare-tipped dart.
The curare-tipped dart hits you.
You are poisoned.
You have difficulty breathing.
You feel yourself slow down.
You feel extremely sick.
The kobold brigand throws a curare-tipped dart.
The curare-tipped dart hits you.
You are more poisoned.
You have difficulty breathing.
You feel as though you will be slow longer.
* * * LOW HITPOINT WARNING * * *
You feel extremely sick.
You die...

#. .# #~ ~# #~
K# ~#~ ~J. #~#
.# #~# ~#
#~###~# #~~@.~#
##~~~## #.~~#
#.~~# ~~#
##.~.# ~~~#
##.~~~#
~~.~#####~~~~.#
~...~~~.~~~.~##
#~~~~~~~~.###


There were no monsters in sight!

Vanquished Creatures
  A bombardier beetle (D:3)
  4 gnolls (D:2)
  A river rat (D:3)
  A ribbon worm (D:2)
  A dart slug (D:1)
  6 ball pythons
  5 endoplasms
  2 giant cockroaches
  8 goblins
  A hobgoblin (D:1)
  4 jackals (D:1)
  2 kobolds
  A quokka (D:1)
  5 bats
  4 frilled lizards
  3 rats (D:1)
49 creatures vanquished.

Notes
Turn   | Place    | Note
-------+----------+-------------------------------------------
     0 | D:1      | Janerl the Minotaur Berserker began the quest for the Orb.
     0 | D:1      | Reached XP level 1. HP: 19/19 MP: 0/0
   270 | D:1      | Reached skill level 4 in Maces & Flails
   270 | D:1      | Reached XP level 2. HP: 27/27 MP: 1/1
   573 | D:1      | You fall into a shaft and drop 1 floor!
   731 | D:1      | Reached XP level 3. HP: 34/34 MP: 2/2
   736 | D:1      | Reached ** piety under Trog
   940 | D:2      | Found a shimmering altar of Xom.
  1016 | D:2      | Reached XP level 4. HP: 40/41 MP: 3/3
  1429 | D:3      | Reached skill level 5 in Maces & Flails
  1593 | D:3      | Found a glowing drain.
  1627 | Sewer    | Entered a sewer
  1648 | Sewer    | Noticed a kobold brigand
  1651 | Sewer    | Succumbed to a kobold brigand's curare-tipped dart

Illustrated notes

Levels and vault maps discovered:
D:1:      evilmike_arrival_crescent, layout_loops_ring
D:2:      layout_loops_ring, basic_altar
D:3:      layout_basic, nicolae_dithmenos_through_a_glass_darkly,
          portal_sewer_entry_a
Sewer:    sewer_co_tree

Skill      XL: |  1  2  3  4 |
---------------+-------------+-----
Maces & Flails | 4 5 |  5.2
Fighting       | 4 |  4.8
Armour         | 3 |  3.2
Dodging        | |  2.6
Stealth        | |  0.4

Action                     |  1- 3 |  4- 6 || total
---------------------------+-------+-------++-------
  Melee: Mace              |    55 |    34 ||    89
         Headbutt          |     6 |     4 ||    10
 Armour: Animal skin       |     4 |       ||     4
         Ring mail         |    19 |    18 ||    37
  Dodge: Dodged            |    38 |    31 ||    69
